 Dungeon Sprint DCSS version 0.28.0-43-g3370ac3207 (webtiles) character file.

Game seed: 4609289766108657362

527 boopmooplesden the Cleaver (level 7, -6/74 HPs)
             Began as a Minotaur Berserker on Mar 30, 2022.
             Was an Elder of Trog.
             Mangled by a fire elemental (11 damage)
             ... summoned by a deep elf pyromancer
             ... in the Dungeon (Sprint III: "The Ten Rune Challenge").
             The game lasted 00:01:26 (741 turns).

boopmooplesden the Cleaver (Minotaur Berserker)      Turns: 741, Time: 00:01:26

Health: -6/74      AC:  7    Str: 21    XL:     7   Next: 2%
Magic:  6/6        EV: 13    Int:  8    God:    Trog [****..]
Gold:   40         SH:  0    Dex: 10    Spells: 6/6 levels left

rFire   . . .      SeeInvis .   a - +0 hand axe
rCold   . . .      Faith    .   (no shield)
rNeg    . . .      Spirit   .   o - +0 leather armour
rPois   +          Reflect  .   (helmet unavailable)
rElec   +          Harm     .   i - +2 cloak {rPois}
rCorr   .          Rampage  .   (no gloves)
Will    .....      NoTele   +   (no boots)
Stlth   +.........              (no amulet)
HPRegen 0.22/turn               (no ring)
MPRegen 0.10/turn               (no ring)

@: on berserk cooldown, slowed, very slow
A: horns 3, retaliatory headbutt, clever 1, electricity resistance
a: Renounce Religion, Berserk, Trog's Hand, Brothers in Arms


You were in the Dungeon.
You worshipped Trog.
Trog was greatly pleased with you.
You visited 1 branch You collected 40 gold pieces.

Inventory:

Hand Weapons
 a - a +0 hand axe (weapon)
Armour
 b - a +0 animal skin
 i - a +2 cloak of poison resistance (worn)
 o - a +0 leather armour (worn)
Scrolls
 h - a scroll of blinking
 k - a scroll of immolation {unknown}
 l - 2 scrolls of identify {unknown}
 n - a scroll of torment {unknown}
Potions
 c - 2 potions of curing
 d - 2 potions of heal wounds
 e - a potion of haste
 f - 2 potions of magic
 g - 2 potions of berserk rage
 j - 2 potions of mutation
 m - 3 potions of flight


   Skills:
 + Level 11.5 Fighting
 + Level 11.9 Axes
 + Level 5.8 Armour
 + Level 6.2 Dodging
 + Level 1.2 Stealth


You had 6 spell levels left.
You didn't know any spells.
Your spell library was empty.

Dungeon Overview and Level Annotations

Branches:
Dungeon (1/1)

Altars:
Dithmenos
Elyvilon
Okawaru
Ru
Trog
Uskayaw
Wu Jian
Yredelemnul
Zin
The Shining One
Beogh


Innate Abilities, Weirdness & Mutations

You have a pair of large horns on your head.
You reflexively headbutt those who attack you in melee.
Your mind is acute. (Int +2)
You are resistant to electric shocks. (rElec)


Message History

You slash the deep elf pyromancer!
The deep elf pyromancer is moderately wounded.
You hit the fire elemental but do no damage.
The fire elemental closely misses you.
The deep elf pyromancer hits you with a +0 long sword of holy wrath.
You slash the deep elf pyromancer!
The deep elf pyromancer is severely wounded.
You closely miss the fire elemental. The fire elemental barely misses you.
You slash the deep elf pyromancer!
The deep elf pyromancer is almost dead.
You closely miss the fire elemental.
The deep elf pyromancer casts a spell.
The deep elf pyromancer blinks!
The fire elemental misses you.
The deep elf pyromancer casts a spell.
You feel a strong urge to attack something.
There is a white marble altar of Elyvilon here.
You are no longer berserk.
You are exhausted.
You feel yourself slow down. The fire elemental hits you.
The fire elemental burns you!
You see here a potion of heal wounds.
d - 2 potions of heal wounds (gained 1)
The fire elemental hits you. The fire elemental burns you!
The fire elemental hits you. The fire elemental burns you!
You hit the fire elemental.
The fire elemental is lightly damaged.
You hit the fire elemental. The fire elemental hits you.
The fire elemental burns you! The fire elemental closely misses you.
The fire elemental hits you. The fire elemental burns you!
* * * LOW HITPOINT WARNING * * *
You hit the fire elemental. You headbutt the fire elemental!
The fire elemental is heavily damaged.
You miss the fire elemental. The fire elemental hits you.
The fire elemental burns you!
* * * LOW HITPOINT WARNING * * *
The fire elemental hits you.
* * * LOW HITPOINT WARNING * * *
The fire elemental burns you!
You die...

▓▓▓▓▓▓▓▓▓▓ ▓▓▓ #..'.....♣
♣.############ #..#.....♣♣
♣♣.#_E_#___#__# ####....♣.♣
♣..#@E°#__)#._#
†..#....≈♣♣♣♣..###○#'###)##
...#...≈≈.♣♣...#...E°○....#
...#).≈≈≈≈♣♣.♣.'.⌠..☼○°...#
##'#..≈≈≈≈≈≈...#...######+#
.).#.≈≈≈≈≈≈....#.⌠.#
...#.≈≈≈≈≈.....#...#
...#.≈≈≈.......#+###
####.÷.........#


You could see 3 fire elementals.

Vanquished Creatures
  A necrophage (D)
  A water elemental (D)
  Crazy Yiuf (D)
  Jessica (D)
  A necromancer (D)
  3 humans (D)
  An endoplasm (D)
  2 rats (D)
11 creatures vanquished.

Notes
Turn   | Place    | Note
-------+----------+-------------------------------------------
     0 | D        | boopmooplesden the Minotaur Berserker began the quest for
                  | the Orb.
     0 | D        | Reached XP level 1. HP: 19/19 MP: 0/0
    13 | D        | Noticed Jessica
    16 | D        | Reached ** piety under Trog
    20 | D        | Killed Jessica
    21 | D        | Reached skill level 5 in Fighting
    21 | D        | Reached skill level 5 in Axes
    21 | D        | Reached XP level 2. HP: 19/30 MP: 1/1
    21 | D        | Reached XP level 3. HP: 24/37 MP: 2/2
   136 | D        | Noticed Crazy Yiuf
   334 | D        | Killed Crazy Yiuf
   334 | D        | Reached *** piety under Trog
   335 | D        | Reached XP level 4. HP: 47/47 MP: 3/3
   388 | D        | Gained mutation: You have a pair of large horns on your
                  | head. [potion of mutation]
   388 | D        | Gained mutation: Your mind is acute. (Int +2) [potion of
                  | mutation]
   388 | D        | Gained mutation: You are resistant to electric shocks.
                  | (rElec) [potion of mutation]
   390 | D        | Noticed a water elemental
   393 | D        | Killed a water elemental
   433 | D        | Found a basalt altar of Yredelemnul.
   433 | D        | Found a shadowy altar of Dithmenos.
   433 | D        | Found a sacrificial altar of Ru.
   433 | D        | Noticed a necrophage
   436 | D        | Reached XP level 5. HP: 56/56 MP: 4/4
   442 | D        | Killed a necrophage
   442 | D        | Reached **** piety under Trog
   443 | D        | Reached skill level 5 in Armour
   545 | D        | Found a hide-covered altar of Uskayaw.
   545 | D        | Found an iron altar of Okawaru.
   547 | D        | Found a bloodstained altar of Trog.
   547 | D        | Found an ornate altar of the Wu Jian Council.
   547 | D        | Noticed a human
   547 | D        | Noticed a human
   557 | D        | Killed a human
   558 | D        | Reached skill level 10 in Fighting
   558 | D        | Reached skill level 5 in Dodging
   558 | D        | Reached skill level 1 in Stealth
   558 | D        | Reached XP level 6. HP: 61/67 MP: 5/5
   563 | D        | Killed a human
   564 | D        | Reached XP level 7. HP: 53/74 MP: 6/6
   728 | D        | Found a glowing silver altar of Zin.
   729 | D        | Found a glowing golden altar of the Shining One.
   729 | D        | Found a white marble altar of Elyvilon.
   729 | D        | Noticed a deep elf pyromancer
   731 | D        | Noticed a fire elemental
   737 | D        | Noticed a fire elemental
   739 | D        | Noticed a fire elemental
   741 | D        | Mangled by a fire elemental

Illustrated notes

Levels and vault maps discovered:
D:        dungeon_sprint_mu [sprint_mu_entry_forest, sprint_mu_temple_rooms,
          sprint_mu_d1_horrors, sprint_mu_d2_genie, sprint_mu_d3_branching,
          sprint_mu_orc_legion, sprint_mu_elf_gauntlet, sprint_mu_hive_nellie,
          sprint_mu_lair_fedhas, sprint_mu_vaults_butterflies,
          sprint_mu_slime_circle, sprint_mu_swamp_cave, sprint_mu_shoals_kraken,
          sprint_mu_blade_basic, sprint_mu_crypt_lich, sprint_mu_tomb_spiral,
          sprint_mu_vestibule_basic, sprint_mu_gehenna_hellfire,
          sprint_mu_dis_giant, sprint_mu_tartarus_statrot,
          sprint_mu_cocytus_islands, sprint_mu_zot1]

Skill      XL: |  1  2  3  4  5  6 |
---------------+-------------------+-----
Fighting       | 5 7 8 10 11 | 11.5
Axes           | 5 7 8 11 | 11.9
Armour         | 3 4 5 |  5.8
Dodging        | 3 4 5 6 |  6.2
Stealth        | 1 |  1.2

Action                   |  1- 3 |  4- 6 |  7- 9 || total
-------------------------+-------+-------+-------++-------
Melee: Hand axe          |    19 |    27 |     7 ||    53
       Headbutt          |     2 |     3 |     1 ||     6
Invok: Berserk           |     2 |     2 |     1 ||     5
  Use: Potion            |       |     1 |       ||     1
Armor: Animal skin       |     4 |     2 |       ||     6
       Leather armour    |       |       |     7 ||     7
Dodge: Dodged            |     5 |    10 |     5 ||    20
